 Dungeon Crawl Stone Soup version 0.21-a0-517-gd76cfe0 (webtiles) character file.

37 slep the Chopper (level 3, -3/33 HPs)
             Began as a Minotaur Monk on Dec 3, 2017.
             Slain by a worm (10 damage)
             ... on level 2 of the Dungeon.
             The game lasted 00:02:48 (1096 turns).

slep the Chopper (Minotaur Monk)                    Turns: 1096, Time: 00:02:49

Health: -3/33      AC:  2    Str: 15    XL:     3   Next: 23%
Magic:  2/2        EV: 13    Int:  7    God:
Gold:   35         SH:  0    Dex: 13    Spells: 2/2 levels left

rFire    + . .     SeeInvis .   a - +0 hand axe
rCold    + . .     Gourm    .   (no shield)
rNeg     . . .     Faith    .   b - +0 robe
rPois    .         Spirit   .   (helmet restricted)
rElec    .         Reflect  .   e - scarf {rC+ rF+}
rCorr    .         Harm     .   (no gloves)
MR       .....                  (no boots)
Stlth    ++........             (no amulet)
HPRegen  0.11/turn              (no ring)
MPRegen  0.08/turn              (no ring)

@: lethally poisoned (-3 -> -7)
A: retaliatory headbutt, horns 2
a: no special abilities


You were on level 2 of the Dungeon.
You were not hungry.

You visited 1 branch of the dungeon, and saw 2 of its levels.

You collected 35 gold pieces.

Inventory:

Hand Weapons
 a - a +0 hand axe (weapon)
Armour
 b - a +0 robe (worn)
 e - a scarf of resistance (worn)
Scrolls
 d - 3 scrolls of identify {unknown}
 h - a scroll of immolation {unknown}
 i - a scroll of remove curse {unknown}
 m - a scroll of amnesia {unknown}
 n - 2 scrolls of teleportation {unknown}
Potions
 f - 2 potions of agility {unknown}
 k - 2 potions of curing {unknown}
 l - a potion of brilliance {unknown}
 o - a potion of invisibility {unknown}
Comestibles
 c - a bread ration
 g - a meat ration


   Skills:
 + Level 4.1 Fighting
 + Level 4.4 Axes
 + Level 3.6 Dodging
 + Level 1.7 Stealth


You had 2 spell levels left.
You didn't know any spells.

Dungeon Overview and Level Annotations

Branches:
Dungeon (2/15)

Altars:
Ashenzari


Innate Abilities, Weirdness & Mutations

You reflexively headbutt those who attack you in melee.
You have a pair of horns on your head.


Message History

You hit the rat but do no damage. You hit the goblin.
You kill the goblin!
You hit the worm but do no damage. The adder misses you.
The rat closely misses you. The adder misses you. The worm bites you.
You closely miss the adder. You headbutt the adder.
The adder is moderately wounded.
You hit the worm. You hit the rat.
You kill the rat!
The adder bites you.
You hit the adder.
The adder is severely wounded.
You hit the worm. The adder bites you. The worm bites you! The adder bites you.
* * * LOW HITPOINT WARNING * * *
You are poisoned.
The adder poisons you!
You miss the adder.
The adder is severely wounded.
You hit the worm but do no damage.
You feel sick. The adder barely misses you. The worm bites you!
You die...

##....... .# #####..
..... ...##...#.....!..
..........#......
..........#......
..............$..
........)w†......
......S@........
########
..##.....####.#.
.......# #........#
.......# #........#
.......## #...........
........#####.......(...
...................#.+##
.......###.........#...
.......# #.##......# ..


You could see a worm and an adder.

Vanquished Creatures
  2 dart slugs (D:1)
  2 giant cockroaches
  5 goblins
  3 hobgoblins (D:1)
  3 jackals (D:1)
  2 kobolds (D:1)
  7 bats
  2 frilled lizards
  5 rats
31 creatures vanquished.

Notes
Turn   | Place    | Note
-------+----------+-------------------------------------------
     0 | D:1      | slep the Minotaur Monk began the quest for the Orb.
     0 | D:1      | Reached XP level 1. HP: 19/19 MP: 0/0
    57 | D:1      | Reached XP level 2. HP: 12/27 MP: 1/1
   807 | D:1      | Reached XP level 3. HP: 33/33 MP: 2/2
  1036 | D:2      | Found a shattered altar of Ashenzari.
  1096 | D:2      | Slain by a worm

Vault maps used:
D:1:      lemuel_arrival_funnel
D:2:      evilmike_ruin_ashenzari, nemelex_lonely_heart_becter

Skill      XL: |  1  2 |
---------------+-------+-----
Axes           | 4 |  4.4
Fighting       | 4 |  4.1
Dodging        | |  3.6
Stealth        | |  1.7

Action                   || total
-------------------------++-------
Melee: Hand axe          ||    57
       Headbutt          ||    18
 Stab: Sleeping          ||     2
  Eat: Chunk             ||     1
Armor: Robe              ||     6
Dodge: Dodged            ||    50

Table legend:
 A = Spawn XP
 B = Non-spawn XP
 C = Spawn XP percentage of total XP
 D = Spawn monster count
 E = Non-spawn monster count
 F = Spawn count percentage of total count
 G = Total turns spent on level
                    A         B        C        D         E        F      G
               +---------+---------+-------+---------+---------+-------+---------
         Total |       0 |      54 |   0.0 |       0 |      31 |   0.0 |  1096
               +---------+---------+-------+---------+---------+-------+---------
           D:1 |       0 |      47 |   0.0 |       0 |      26 |   0.0 |  1032
           D:2 |       0 |       7 |   0.0 |       0 |       5 |   0.0 |    64
               +---------+---------+-------+---------+---------+-------+---------
